 Dungeon Crawl Stone Soup version 0.30-a0-165-g1891117ce2 (webtiles) character file.

Game seed: 7215350918537882959

30 JRizzle the Insei (level 3, -3/26 HPs)
             Began as a Merfolk Transmuter on Sept 28, 2022.
             Was a Follower of Vehumet.
             Slain by a worm (9 damage)
             ... on level 2 of the Dungeon.
             The game lasted 00:08:39 (1290 turns).

JRizzle the Insei (Merfolk Transmuter)              Turns: 1290, Time: 00:08:39

Health: -3/26      AC:  5    Str: 10    XL:     3   Next: 20%
Magic:  5/6        EV: 11    Int: 14    God:    Vehumet [*.....]
Gold:   17         SH:  0    Dex: 14    Spells: 2/6 levels left

rFire   . . .      SeeInvis .    c - +0 spear
rCold   . . .      Faith    .    (no shield)
rNeg    . . .      Spirit   .    d - +0 ring mail
rPois   .          Reflect  .    (helmet currently unavailable)
rElec   .          Harm     .    (no cloak)
rCorr   .          Rampage  .    (no gloves)
Will    .....                    (boots currently unavailable)
Stlth   +.........               (no amulet)
HPRegen 0.08/turn                (no ring)
MPRegen 0.10/turn                (no ring)

@: brilliant, appendages
A: horns 2, (nimble swimmer 2), mertail
a: End Transformation, Renounce Religion


You were on level 2 of the Dungeon.
You worshipped Vehumet.
Vehumet was aware of your devotion.
You had temporarily grown beastly horns.
You visited 1 branch of the dungeon, and saw 2 of its levels.

You collected 17 gold pieces.

Inventory:

Hand Weapons
 c - a +0 spear (weapon)
Armour
 a - a +1 robe
 d - a +0 ring mail (worn)
Scrolls
 e - a scroll of summoning


   Skills:
 + Level 1.5 Fighting
 + Level 0.4 Polearms
 + Level 3.0 Dodging
 + Level 3.8 Unarmed Combat
 + Level 2.1 Spellcasting
 + Level 3.3 Transmutations


You had 2 spell levels left.
You knew the following spells:

 Your Spells              Type           Power      Damage    Failure   Level
a - Beastly Appendage     Tmut           32%        N/A       16%         1
b - Foxfire               Conj/Fire      8%         2x1d4     52%         1
c - Wereblood             Tmut           16%        N/A       24%         2

Your spell library contained the following spells:

 Spells                   Type           Power      Damage    Failure   Level
 Spider Form              Tmut/Pois      9%         N/A       67%         3
 Ice Form                 Ice/Tmut       9%         N/A       97%         4


Dungeon Overview and Level Annotations

Branches:
Dungeon (2/15)

Altars:
Vehumet


Innate Abilities, Weirdness & Mutations

You have temporarily grown beastly horns.
((You are very nimble when in or above water. (Stealth+, EV+, Speed+++)))
Your lower body shifts to a powerful aquatic tail in water.


Message History

You hit the hobgoblin.
The hobgoblin is almost dead.
The hobgoblin barely misses you.
You hit the hobgoblin but do no damage.
The hobgoblin is almost dead.
The hobgoblin hits you but does no damage.
You hit the hobgoblin but do no damage.
The hobgoblin is almost dead.
The hobgoblin hits you but does no damage.
You hit the hobgoblin but do no damage.
The hobgoblin is almost dead.
The hobgoblin hits you.
You hit the hobgoblin but do no damage.
The hobgoblin is almost dead.
The hobgoblin hits you but does no damage.
You hit the hobgoblin.
You kill the hobgoblin!
Vehumet accepts your kill.
A worm is nearby!
It was a potion of brilliance.
You feel clever all of a sudden. The worm misses you.
Things that are here:
a +0 leather armour; a scroll of identify; a hobgoblin corpse You hit the worm.
The worm is lightly wounded.
Casting: Foxfire (safe; 52% risk of failure)
Confirm with . or Enter, or press ? or * to list all spells.
You feel a surge of power!
You grow a pair of large bovine horns.
The worm bites you.
* * * LOW HITPOINT WARNING * * *
You hit the worm. Your punch misses the worm.
The worm is moderately wounded.
The worm barely misses you.
You hit the worm. Your headbutt misses the worm.
The worm is heavily wounded.
You barely miss the worm. You headbutt the worm.
The worm is severely wounded.
The worm bites you!
You die...

.............##.#
#..#...........#
#..#.##..#####.#
#........#
##.......#
##...#### #..†#
#...######.
#..@.$.....
#..w.####..
.........
.............
...............
####......###..
#....... .
#....#.##


You could see a worm.

Vanquished Creatures
  A worm (D:2)
  A dart slug (D:1)
  3 bats (D:1)
  4 endoplasms
  A giant cockroach (D:1)
  2 hobgoblins (D:2)
  A quokka (D:1)
  A ball python (D:1)
  2 frilled lizards (D:1)
  A goblin (D:1)
  3 kobolds
  7 rats
27 creatures vanquished.

Vanquished Creatures (others)
  2 foxfires (D:2)
2 creatures vanquished.

Grand Total: 29 creatures vanquished

Notes
Turn   | Place    | Note
-------+----------+-------------------------------------------
     0 | D:1      | JRizzle the Merfolk Transmuter began the quest for the Orb.
     0 | D:1      | Reached XP level 1. HP: 15/15 MP: 3/3
    91 | D:1      | Found a faded altar of an unknown god.
    98 | D:1      | Prayed at the altar of an unknown god.
    98 | D:1      | Became a worshipper of Vehumet
    98 | D:1      | Reached * piety under Vehumet
    98 | D:1      | Offered knowledge of Foxfire by Vehumet.
   101 | D:1      | Learned a level 1 spell: Foxfire
   255 | D:1      | Reached XP level 2. HP: 13/21 MP: 5/5
   367 | D:1      | Learned a level 2 spell: Wereblood
  1029 | D:2      | Reached XP level 3. HP: 4/26 MP: 6/6
  1290 | D:2      | Slain by a worm

Illustrated notes

Levels and vault maps discovered:
D:1:      eino_arrival_water_star, layout_rooms, shapermc_ecumenical_altar_petra
D:2:      layout_loops_cross, uniq_robin, uniq_jessica

Skill      XL: |  1  2  3 |
---------------+----------+-----
Transmutations | 3 |  3.3
Dodging        | 3 |  3.0
Fighting       | |  1.5
Polearms       | |  0.4
Unarmed Combat | |  3.8
Spellcasting   | |  2.1

Action                   || total
-------------------------++-------
Melee: Spear             ||   113
       Unarmed           ||     3
       Headbutt          ||     7
       Punch             ||     5
 Cast: Beastly Appendage ||     9
       Wereblood         ||     1
       Foxfire           ||     1
  Use: Scroll            ||     2
       Potion            ||     2
 Stab: Sleeping          ||     1
Armor: Robe              ||    17
       Skin              ||    19
       Ring mail         ||    20
Dodge: Dodged            ||    84

Table legend: (Time is in decaauts)
 A = Elapsed time spent in this place.
 B = Non-inter-level travel time spent in this place.
 C = Inter-level travel time spent in this place.
 D = Time resting spent in this place.
 E = Time spent auto-exploring this place.
 F = Levels seen in this place.
 G = Mean time per level.
                   A        B        C        D        E       F      G
               +--------+--------+--------+--------+--------+-----+--------+
         Total |   1293 |   1293 |      0 |    608 |    298 |   2 |  646.5 |
       Dungeon |   1293 |   1293 |      0 |    608 |    298 |   2 |  646.5 |
               +--------+--------+--------+--------+--------+-----+--------+

Top non-repeatable levels by time:
     D:1: 989 daAuts
     D:2: 303 daAuts
